 Dungeon Crawl Stone Soup version 0.25-a0-306-g3faca94807 (webtiles) character file.

Game seed: 13472476609102548493, levelgen mode: classic

40840 EnegeticOcto the Severer (level 14, -1/193 HPs)
             Began as a Hill Orc Wanderer on Dec 21, 2019.
             Was a Follower of Uskayaw.
             Slain by a manticore (7 damage)
             ... on level 5 of the Lair of Beasts.
             The game lasted 00:46:57 (22834 turns).

EnegeticOcto the Severer (Hill Orc Wanderer)       Turns: 22834, Time: 00:46:57

Health: -1/193     AC: 27    Str: 19    XL:     14   Next: 12%
Magic:  21/24      EV:  2    Int: 12    God:    Uskayaw [*.....]
Gold:   805        SH:  0    Dex: 11    Spells: 11/13 levels left

rFire    . . .     SeeInvis .   b - +0 war axe (chop)
rCold    . . .     Gourm    .   (no shield)
rNeg     + + +     Faith    .   (armour currently unavailable)
rPois    +         Spirit   .   (helmet currently unavailable)
rElec    .         Reflect  .   (cloak currently unavailable)
rCorr    .         Harm     .   (gloves currently unavailable)
MR       ++...     NoTele   +   (boots currently unavailable)
Stlth    ++........             p - amulet of regeneration
HPRegen  0.82/turn              D - ring of poison resistance
MPRegen  0.19/turn              H - ring of protection from magic

@: tree-form
A: no striking features
a: Stomp, Renounce Religion


You were on level 5 of the Lair of Beasts.
You worshipped Uskayaw.
Uskayaw was pleased with you.
You were not hungry.
You were a tree.
You visited 2 branches of the dungeon, and saw 16 of its levels.
You also visited: Gauntlet.

You collected 805 gold pieces.

Inventory:

Hand Weapons
 a - a +0 arbalest
 b - a +0 war axe of chopping (weapon)
 C - a +5 antimagic hand axe
 I - a +0 dire flail
Missiles
 g - 260 stones
 i - 28 poisoned darts (quivered)
 r - 95 bolts
 u - 8 javelins
 E - 4 throwing nets {!f}
 M - 15 silver javelins
Armour
 f - a +2 cloak (melded)
 y - a +1 chain mail (melded)
 K - a scarf of cloud immunity
Jewellery
 p - an amulet of regeneration (around neck)
 D - a ring of poison resistance (left branch)
 H - a ring of protection from magic (right branch)
 L - an uncursed ring of see invisible
Wands
 A - a wand of flame (12)
 G - a wand of iceblast (9)
 J - a wand of enslavement (4)
 P - a wand of digging (5)
Scrolls
 d - 4 scrolls of teleportation {@r3 !r}
 k - 3 scrolls of fog {!r}
 l - 2 scrolls of fear {!r}
 o - 7 scrolls of remove curse {@r2}
 q - 2 scrolls of identify {@r1}
 s - 5 scrolls of immolation
 w - 7 scrolls of enchant weapon
 x - 2 scrolls of enchant armour
Potions
 c - a potion of agility {@q5 !q}
 h - 4 potions of curing {@q1 !q}
 j - a potion of magic
 m - 2 potions of brilliance
 n - a potion of haste {@q4 !q}
 t - a potion of invisibility
 v - a potion of resistance
 B - 2 potions of flight
 F - 2 potions of cancellation
Miscellaneous
 Q - a phantom mirror
Comestibles
 e - 11 rations
 N - a chunk of flesh


   Skills:
 + Level 13.3 Fighting
 - Level 16.0 Axes
 - Level 0.5(9.1) Maces & Flails
 * Level 6.6 Crossbows
 - Level 1.0 Throwing
 + Level 9.5 Armour
 - Level 3.0 Dodging
 - Level 3.0 Stealth
 - Level 1.1 Unarmed Combat
 + Level 13.9 Invocations
 - Level 5.0 Evocations


You had 11 spell levels left.
You knew the following spells:

 Your Spells              Type           Power        Failure   Level  Hunger
Y - Blink                 Tloc           N/A          45%         2    ###....

Your spell library contained the following spells:

 Spells                   Type           Power        Failure   Level  Hunger
 Animate Skeleton         Necr           N/A          32%         1    ##.....
 Apportation              Tloc           #.....       32%         1    ##.....
 Confusing Touch          Hex            #.....       32%         1    ##.....
 Foxfire                  Conj/Fire      #...         32%         1    ##.....
 Magic Dart               Conj           #...         32%         1    ##.....
 Sandblast                Erth           #.....       32%         1    ##.....
 Sting                    Tmut/Pois      #...         32%         1    ##.....
 Summon Butterflies       Summ           #.......     32%         1    ##.....
 Summon Small Mammal      Summ           #...         32%         1    ##.....
 Call Imp                 Summ           #.......     45%         2    ###....
 Passwall                 Tmut/Erth      #.......     45%         2    ###....
 Poisonous Vapours        Pois/Air       #.....       45%         2    ###....
 Slow                     Hex            #.......     45%         2    ###....
 Call Canine Familiar     Summ           #.......     69%         3    ####...
 Conjure Flame            Conj/Fire      #.......     69%         3    ####...
 Ignite Poison            Fire/Tmut/Pois #.......     69%         3    ####...
 Inner Flame              Hex/Fire       #.......     69%         3    ####...
 Mephitic Cloud           Conj/Pois/Air  #.......     69%         3    ####...
 Stone Arrow              Conj/Erth      #.....       69%         3    ####...
 Olgreb's Toxic Radiance  Pois           #.......     97%         4    #####..
 Petrify                  Tmut/Erth      #.......     97%         4    #####..
 Sticky Flame             Conj/Fire      #.......     97%         4    #####..
 Summon Ice Beast         Ice/Summ       #.......     97%         4    #####..
 Bolt of Magma            Conj/Fire/Erth #.........   100%        5    ######.
 Fireball                 Conj/Fire      #.........   100%        5    ######.
 Irradiate                Conj/Tmut      #.........   100%        5    ######.
 Iskenderun's Battlesphe  Conj/Chrm      #.......     100%        5    ######.
 Lee's Rapid Deconstruct  Erth           #.........   100%        5    ######.
 Summon Mana Viper        Hex/Summ       #.......     100%        5    ######.
 Hydra Form               Tmut           #.........   100%        6    #######
 Iron Shot                Conj/Erth      #.........   100%        6    #######
 Statue Form              Tmut/Erth      #........    100%        6    #######
 Dragon Form              Tmut           #.........   100%        7    #######
 Orb of Destruction       Conj           #.........   100%        7    #######
 Spellforged Servitor     Conj/Summ      #.........   100%        7    #######
 Summon Hydra             Summ           #.........   100%        7    #######


Dungeon Overview and Level Annotations

Branches:
Dungeon (11/15)            Temple (0/1) D:4            Lair (5/6) D:9
  Swamp (0/4) Lair:3       Spider (0/4) Lair:3        Slime (0/5) Lair:5
    Orc (0/2) D:10        Gauntlet (visited)

Altars:
Gozag
Hepliaklqana
Makhleb
Ru
Sif Muna
Uskayaw
Yredelemnul
Zin
The Shining One

Shops:
D:6 :   D:7 :

Annotations:
D:4 3 runed translucent doors, DerDa's ghost, amateur OpFE
D:7 1 runed translucent door
D:9 exclusion: 4 doors
Lair:5 exclusion: 2 oklob plants


Message History

The meliai invokes the aid of its god against you.
Something smites you!
The meliai calls down the wrath of its god upon you.
Something smites you!
Firing (i - inventory. (/) - cycle)
r - 96 bolts (quivered)
Press: ? - help, Shift-Dir - straight line, f/p - meliai
Aim: a meliai, wielding a +0 war axe and wearing a +0 leather armour (lightly wounded)
You shoot a bolt. The bolt closely misses the meliai.
A killer bee comes into view.
b - a +0 war axe of chopping (weapon)
The killer bee buzzes angrily.
You hit the meliai.
The meliai is moderately wounded.
The meliai misses you. The meliai closely misses you.
You hit the meliai but do no damage.
The meliai is moderately wounded.
The meliai hits you with a +0 war axe. The meliai closely misses you.
You slash the meliai!
The meliai is almost dead.
The meliai hits you with a +0 war axe. The meliai barely misses you.
You can now pass through a line of other dancers.
You slash the meliai!
You kill the meliai!
You slash the killer bee!
The killer bee is almost dead.
The killer bee stings you.
Uskayaw will force your foes to helplessly watch your dance.
Uskayaw prepares the audience for your solo!
The helpless killer bee fails to defend itself.
You hit the killer bee.
You kill the killer bee!
Things that are here:
a +0 war axe; a +0 leather armour; a killer bee corpse A manticore comes into view.
A manticore is nearby!
You can no longer pass through a line of other dancers.
The manticore bites you but does no damage.
The manticore claws you.
The manticore claws you but does no damage.
Things that are here:
a +0 war axe; a +0 leather armour; a killer bee corpse You hit the manticore but do no damage.
You slash the plant! You hit the plant but do no damage.
You slice the manticore!!
The manticore is heavily wounded.
You completely miss the plant. You hit the plant but do no damage.
The manticore bites you. The manticore claws you!
The manticore closely misses you.
You hit the manticore.
The manticore is heavily wounded.
You hit the plant. You slash the plant! The manticore bites you!
The manticore claws you but does no damage. x2
You hit the manticore but do no damage.
The manticore is heavily wounded.
You hit the plant. x2
You barely miss the manticore.
The manticore is heavily wounded.
You hit the plant but do no damage. You slash the plant!
The manticore bites you!!
* * * LOW HITPOINT WARNING * * *
The manticore barely misses you. x2
Really quaff
h - 7 potions of curing {@q1 !q}?
You feel better. The manticore closely misses you. The manticore claws you.
* * * LOW HITPOINT WARNING * * *
The manticore claws you.
* * * LOW HITPOINT WARNING * * *
Really quaff
h - 6 potions of curing {@q1 !q}?
You feel better. The manticore bites you.
* * * LOW HITPOINT WARNING * * *
The manticore claws you but does no damage. x2
You stomp with the beat, sending a shockwave through the revelers around you!
The plant is almost destroyed.
The manticore is severely wounded.
The plant is heavily damaged.
You feel somewhat more hungry.
You can no longer stomp with the beat.
The manticore bites you!!
* * * LOW HITPOINT WARNING * * *
The manticore claws you.
* * * LOW HITPOINT WARNING * * *
The manticore claws you but does no damage.
You can now stomp with the beat.
Really quaff
h - 5 potions of curing {@q1 !q}?
You feel better. The manticore bites you.
* * * LOW HITPOINT WARNING * * *
The manticore claws you but does no damage. x2
You hit the manticore.
The manticore is almost dead.
You hit the plant but do no damage. x2; The manticore bites you!
* * * LOW HITPOINT WARNING * * *
The manticore claws you but does no damage. x2
Really quaff the potion of lignification?
You turn into a tree.
Your +2 cloak melds into your body.
Your +1 chain mail melds into your body.
Your roots penetrate the ground.
The manticore bites you!
* * * LOW HITPOINT WARNING * * *
The manticore claws you.
* * * LOW HITPOINT WARNING * * *
The manticore claws you!
You die...

## #### ###. ##..####### #...
#....##.#.####...
#...........#....
##.....÷.........)
####.........[^...... ##
##..P...........##.... .#
#.###...P♣......#...##....
..P###.#....H...........#.....
........#(..............<.....
#.....†(##...................
#P...††###...............#...
#..###.†##.P...........##. ..
#.#...#.##...#..........
#.....#####.......#. #..#.#.
...≈...


You could see a manticore.

Vanquished Creatures
  A minotaur (Gauntlet)
  7 hydras
  3 two-headed ogres
  5 death yaks
  A shock serpent (shapeshifter) (Gauntlet)
  A fire crab (Gauntlet)
  An unseen horror (shapeshifter) (Gauntlet)
  2 black mambas
  10 spiny frogs
  A gargoyle (D:10)
  3 rime drakes
  5 komodo dragons
  A merfolk (D:10)
  A hornet (D:11)
  A meliai (Lair:5)
  A queen bee (shapeshifter) (Gauntlet)
  A troll (D:9)
  2 jumping spiders (Lair:3)
  3 polar bears (Lair:4)
  Prince Ribbit (D:9)
  A hornet (shapeshifter) (Gauntlet)
  14 blink frogs
  10 hippogriffs
  4 wyverns
  21 yaks
  4 fire bats (Gauntlet)
  2 basilisks
  2 hungry ghosts
  A swamp worm (Lair:3)
  A floating eye (D:10)
  17 water moccasins
  2 hell hounds (Gauntlet)
  11 porcupines
  An ice beast (D:11)
  5 orc warriors
  2 sky beasts
  An eye of draining (D:10)
  5 ogres
  A phantom (D:6)
  A necrophage (D:10)
  7 crocodiles
  10 wolves
  6 centaurs
  2 big kobolds
  18 bullfrogs
  A gnoll sergeant (D:10)
  A wyvern skeleton (D:8)
  7 scorpions
  29 killer bees
  3 howler monkeys (D:10)
  3 bullfrog zombies
  5 crimson imps
  2 centaur skeletons
  An orc priest (D:6)
  A bullfrog skeleton (D:4)
  3 hounds
  A jelly (D:10)
  Crazy Yiuf (D:4)
  10 orc wizards
  4 iguanas
  7 worker ants
  A hound skeleton (D:10)
  A howler monkey zombie (D:10)
  11 gnolls
  9 adders
  A howler monkey skeleton (D:10)
  2 shadow imps
  12 white imps (Lair:4)
  5 oozes
  An adder skeleton (D:4)
  2 worms
  4 dart slugs
  8 leopard geckos
  27 orcs
  3 ball pythons
  10 bats
  8 giant cockroaches
  7 goblins
  4 hobgoblins
  11 jackals
  5 quokkas
  6 frilled lizards
  2 gnoll zombies (D:8)
  15 kobolds
  9 rats
  A bush (Lair:3)
  A fungus (Lair:4)
445 creatures vanquished.

Vanquished Creatures (others)
  12 fungi
  4 plants
16 creatures vanquished.

Grand Total: 461 creatures vanquished

Notes
Turn   | Place    | Note
-------+----------+-------------------------------------------
     0 | D:1      | EnegeticOcto the Hill Orc Wanderer began the quest for the
                  | Orb.
     0 | D:1      | EnegeticOcto set off with the following items: a +0 club, a
                  | scroll of blinking {@r4}, a +0 ring mail, a scroll of
                  | teleportation {@r3 !r}, a ration, a potion of berserk rage
     0 | D:1      | Reached XP level 1. HP: 19/19 MP: 1/1
   210 | D:1      | Reached XP level 2. HP: 25/27 MP: 2/2
   688 | D:1      | Reached skill level 5 in Fighting
   688 | D:1      | Reached XP level 3. HP: 36/36 MP: 3/3
  1490 | D:2      | Found a hazy altar of Hepliaklqana.
  1918 | D:2      | Reached XP level 4. HP: 42/42 MP: 4/4
  2443 | D:3      | Reached skill level 1 in Axes
  2648 | D:3      | Reached skill level 2 in Axes
  2905 | D:3      | Reached XP level 5. HP: 48/48 MP: 5/5
  3469 | D:4      | Reached skill level 3 in Axes
  3489 | D:4      | Found a hide-covered altar of Uskayaw.
  3493 | D:4      | Became a worshipper of Uskayaw the Reveler
  3561 | D:4      | Reached * piety under Uskayaw
  3568 | D:4      | Found a staircase to the Ecumenical Temple.
  3649 | D:4      | Reached XP level 6. HP: 31/56 MP: 6/6
  3649 | D:4      | Reached ** piety under Uskayaw
  3784 | D:4      | Found a burning altar of Makhleb.
  3786 | D:4      | Noticed DerDa's ghost (amateur OpFE)
  3808 | D:4      | Reached skill level 1 in Invocations
  3819 | D:4      | Found a runed translucent gate.
  3819 | D:4      | Found a runed translucent gate.
  3827 | D:4      | Found a runed translucent gate.
  4060 | D:4      | Reached skill level 4 in Axes
  4539 | D:4      | Found a runed translucent door.
  4540 | D:4      | Noticed Crazy Yiuf
  4693 | D:4      | Killed Crazy Yiuf
  4693 | D:4      | Reached skill level 5 in Axes
  4693 | D:4      | Reached XP level 7. HP: 61/61 MP: 8/8
  4764 | D:5      | Entered Level 5 of the Dungeon
  4962 | D:5      | Reached skill level 6 in Axes
  5583 | D:5      | Reached skill level 7 in Axes
  5872 | D:6      | Reached XP level 8. HP: 58/68 MP: 4/11
  6199 | D:6      | Reached skill level 8 in Axes
  6598 | D:6      | Reached *** piety under Uskayaw
  6600 | D:6      | Reached skill level 5 in Invocations
  7198 | D:6      | Found Comuyvad's Book Shoppe.
  7448 | D:7      | Reached **** piety under Uskayaw
  7451 | D:7      | Reached ***** piety under Uskayaw
  7453 | D:7      | Reached skill level 9 in Axes
  7461 | D:7      | Reached XP level 9. HP: 46/77 MP: 1/13
  7465 | D:7      | Reached ****** piety under Uskayaw
  7809 | D:7      | Found Jepoj's Book Shop.
  7841 | D:7      | Found a runed translucent door.
  7841 | D:7      | Noticed a sixfirhy
  7909 | D:7      | Found a glowing silver altar of Zin.
  8158 | D:8      | Reached skill level 10 in Axes
  8418 | D:8      | Found a glowing golden altar of the Shining One.
  8512 | D:8      | Found a basalt altar of Yredelemnul.
  8778 | D:8      | Noticed a two-headed ogre
  8800 | D:8      | Killed a two-headed ogre
  8800 | D:8      | Reached skill level 11 in Axes
  9220 | D:9      | Found a sacrificial altar of Ru.
  9220 | D:9      | Found a shimmering blue altar of Sif Muna.
  9227 | D:9      | Found an opulent altar of Gozag.
  9289 | D:9      | Reached XP level 10. HP: 44/88 MP: 5/15
  9824 | D:9      | Reached skill level 12 in Axes
 10570 | D:9      | Found a staircase to the Lair.
 10860 | D:10     | Entered Level 10 of the Dungeon
 10992 | D:10     | Found a staircase to the Orcish Mines.
 11143 | D:10     | Noticed a two-headed ogre
 11150 | D:10     | Reached skill level 13 in Axes
 11157 | D:10     | Killed a two-headed ogre
 11524 | D:10     | Noticed a two-headed ogre
 11533 | D:10     | Killed a two-headed ogre
 11533 | D:10     | Reached XP level 11. HP: 66/97 MP: 14/18
 11673 | D:10     | Reached skill level 14 in Axes
 11684 | D:10     | Reached skill level 10 in Invocations
 11707 | D:10     | Paralysed by a floating eye for 2 turns
 12370 | D:10     | Reached skill level 10 in Fighting
 13038 | D:11     | Paralysed by a hornet for 3 turns
 13293 | D:11     | Noticed a purple ugly thing
 13293 | D:11     | Noticed a brown ugly thing
 13295 | D:11     | Noticed a purple ugly thing
 13296 | D:11     | Noticed a cyan ugly thing
 13383 | Lair:1   | Entered Level 1 of the Lair of Beasts
 13383 | Lair:1   | Noticed a five-headed hydra
 13384 | Lair:1   | Noticed Prince Ribbit
 13964 | D:9      | Killed Prince Ribbit
 14089 | D:9      | Reached skill level 15 in Axes
 14629 | Lair:1   | Reached skill level 5 in Armour
 14936 | Lair:1   | Reached XP level 12. HP: 108/108 MP: 20/20
 15306 | Lair:2   | Noticed a seven-headed hydra
 15563 | Lair:2   | Killed a seven-headed hydra
 15796 | Lair:2   | Reached skill level 16 in Axes
 16650 | Lair:3   | Noticed an eight-headed hydra
 16741 | Lair:3   | Noticed a seven-headed hydra
 16812 | Lair:2   | Reached skill level 5 in Evocations
 17017 | Lair:3   | Noticed an eight-headed hydra
 17423 | Lair:2   | Killed an eight-headed hydra
 17589 | Lair:3   | Found a hole to the Spider Nest.
 17629 | Lair:3   | Reached XP level 13. HP: 100/118 MP: 22/22
 17819 | Lair:2   | Reached skill level 1 in Crossbows
 18837 | Lair:3   | Found a staircase to the Swamp.
 21175 | Lair:3   | Reached skill level 5 in Crossbows
 21585 | Lair:5   | Found a staircase to the Slime Pits.
 21641 | Lair:5   | Found a gate leading to a gauntlet.
 21652 | Gauntlet | Entered a Gauntlet
 21652 | Gauntlet | Found a transporter.
 21693 | Gauntlet | Found a transporter.
 21709 | Gauntlet | Found a transporter.
 21712 | Gauntlet | Found a transporter.
 21727 | Gauntlet | Found a transporter.
 21739 | Gauntlet | Found a runed translucent door.
 21743 | Gauntlet | Found a transporter.
 21747 | Gauntlet | Found a transporter.
 21750 | Gauntlet | Found a transporter.
 21751 | Gauntlet | Noticed a great orb of eyes
 21769 | Gauntlet | Noticed an ice dragon
 21769 | Gauntlet | an anaconda changed into an ice dragon
 21773 | Gauntlet | Found a transporter.
 21774 | Gauntlet | an ice dragon changed into a five-headed hydra
 21775 | Gauntlet | Found the +3 sling "Punk" {acid, rCorr}
 21790 | Gauntlet | Found a transporter.
 21794 | Gauntlet | Found a transporter.
 21803 | Gauntlet | Found a transporter.
 22208 | Gauntlet | Learned a level 2 spell: Blink
 22296 | Gauntlet | Noticed a minotaur
 22303 | Gauntlet | Killed a minotaur
 22313 | Gauntlet | Got an encrusted ring mail
 22336 | Lair:5   | Reached XP level 14. HP: 58/129 MP: 24/24
 22538 | Lair:5   | Identified the +3 ring mail "Zipt" {+Inv} (You found it in
                  | a Gauntlet)
 22834 | Lair:5   | HP: 7/193 [manticore (11)]
 22834 | Lair:5   | Slain by a manticore

Levels and vault maps discovered:
D:1:      dpeg_arrival_circle_labyrinth_c, layout_loops_corners,
          minmay_misc_feat_secret_circle
D:2:      layout_loops_ring, nicolae_overflow_crystal_walls
D:3:      layout_basic
D:4:      layout_cave_pools, lemuel_crystal_altar, lemuel_crystal_altar,
          minmay_temple_entry_stoned_glass, gammafunk_ghost_split,
          uniq_crazy_yiuf_cottage
D:5:      layout_loops_ring, first_ration
D:6:      layout_cave_pods, serial_shops, shop
D:7:      cheibrodos_shockbox, layout_rooms, lemuel_round_altar, serial_shops,
          shop
D:8:      layout_basic, lemuel_zombie_altar_yredelemnul, kennysheep_mini
D:9:      layout_loops_corners, grunt_temple_overflow_open
D:10:     layout_stronghold, david_orc_2, corexii_leaking_fountain,
          hangedman_fish_farm, onia_ninara_cookie
D:11:     cheibrodos_breeding_chamber, layout_basic, serial_shops, shop,
          basic_altar, serial_bayou_pond_a
Lair:1:   layout_long_grid, grunt_megastairs_3, uniq_prince_ribbit2
Lair:2:   layout_gridlike, infiniplex_staircase_pool_2, grunt_megastairs_4
Lair:3:   layout_small_grid, palyth_hydra_swamp_entry, spider_nest_entry_a
Lair:4:   layout_regular_city, portal_ice_cave_entry_imps,
          minmay_stone_trees_small
Lair:5:   regret_index_tunnel_blossom, layout_gridlike,
          minmay_slime_entry_oklob_open, ebering_ghost_xom,
          gauntlet_entry_generic

Skill      XL: |  1  2  3  4  5  6  7  8  9 10 11 12 13 |
---------------+----------------------------------------+-----
Fighting       | 4 5 6 7 9 10 12 13 | 13.3
Axes           | 2 3 5 7 9 11 13 15 16 | 16.0
Armour         | 3 4 5 7 9 |  9.5
Stealth        | 2 3 |  3.0
Invocations    | 2 4 6 7 9 11 12 13 | 13.9
Dodging        | 2 3 |  3.0
Evocations     | 3 5 |  5.0
Crossbows      | 6 |  6.6
Maces & Flails | |  0.5
Throwing       | |  1.0
Unarmed Combat | |  1.1

Action                   |  1- 3 |  4- 6 |  7- 9 | 10-12 | 13-15 || total
-------------------------+-------+-------+-------+-------+-------++-------
Melee: Club              |    17 |       |       |       |       ||    17
       Short sword       |   107 |       |       |       |       ||   107
       Whip              |    36 |     4 |       |       |       ||    40
       Punch             |     1 |     1 |     1 |     1 |       ||     4
       Hand axe          |       |    40 |   121 |     5 |     2 ||   168
       Spear             |       |   109 |   197 |       |       ||   306
       War axe           |       |       |    47 |   715 |   428 ||  1190
       Dire flail        |       |       |       |     9 |    17 ||    26
 Fire: Arbalest          |       |       |       |       |    68 ||    68
Throw: Dart              |    16 |    54 |    24 |    12 |     2 ||   108
       Stone             |     1 |       |       |       |       ||     1
 Cast: Blink             |       |       |       |       |     2 ||     2
Invok: Stomp             |       |       |    17 |    29 |    19 ||    65
       Line Pass         |       |       |       |       |     1 ||     1
Evoke: Wand              |       |       |     4 |    14 |     8 ||    26
  Use: Scroll            |       |     6 |    11 |     9 |     7 ||    33
       Potion            |       |     1 |     1 |     1 |     7 ||    10
 Stab: Sleeping          |       |       |     3 |       |       ||     3
       Paralysed         |       |       |     7 |    41 |    43 ||    91
  Eat: Chunk             |     3 |     8 |     8 |    28 |    10 ||    57
       Ration            |       |     1 |     2 |     3 |     3 ||     9
Armor: Ring mail         |    73 |    39 |    18 |       |       ||   130
       Chain mail        |       |       |   142 |   362 |   246 ||   750
       Skin              |       |       |     9 |     3 |       ||    12
Dodge: Dodged            |    82 |    64 |   114 |   303 |   215 ||   778

Table legend:
 A = Non-vault XP
 B = Vault XP
 C = Vault XP percentage of total XP
 D = Non-vault monster count
 E = Vault monster count
 F = Vault count percentage of total count
                 A         B        C        D         E       F
            +---------+---------+-------+---------+---------+-------
      Total |   43272 |   15071 |  25.8 |     356 |      87 |  19.6
            +---------+---------+-------+---------+---------+-------
        D:1 |      60 |       0 |   0.0 |      29 |       0 |   0.0
        D:2 |      56 |       0 |   0.0 |      20 |       0 |   0.0
        D:3 |     111 |       0 |   0.0 |      23 |       0 |   0.0
        D:4 |     386 |      39 |   9.2 |      11 |       1 |   8.3
        D:5 |     489 |       0 |   0.0 |      17 |       0 |   0.0
        D:6 |     825 |       0 |   0.0 |      18 |       0 |   0.0
        D:7 |     827 |       0 |   0.0 |      24 |       0 |   0.0
        D:8 |    1567 |       3 |   0.2 |      17 |       2 |  10.5
        D:9 |    2863 |    1073 |  27.3 |      33 |       4 |  10.8
       D:10 |    4814 |    1635 |  25.4 |      49 |      22 |  31.0
       D:11 |     785 |       0 |   0.0 |       6 |       0 |   0.0
     Lair:1 |    4056 |     608 |  13.0 |      21 |       2 |   8.7
     Lair:2 |    7386 |    1989 |  21.2 |      28 |       8 |  22.2
     Lair:3 |    6740 |    1838 |  21.4 |      22 |       6 |  21.4
     Lair:4 |    8556 |     123 |   1.4 |      27 |      12 |  30.8
     Lair:5 |    3751 |    2543 |  40.4 |      11 |      18 |  62.1
   Gauntlet |       0 |    5220 | 100.0 |       0 |      12 | 100.0
            +---------+---------+-------+---------+---------+-------
